 Dungeon Crawl Stone Soup version 0.31-a0-1101-g9ad1905e61 (webtiles) character file.

Game seed: 3878158054097254755

1250 gruber the Skirmisher (level 8, 0/62 HPs)
             Began as a Minotaur Hunter on Nov 30, 2023.
             Succumbed to a wight's poison
             ... on level 6 of the Dungeon on Dec 1, 2023.
             The game lasted 00:05:13 (4791 turns).

gruber the Skirmisher (Minotaur Hunter)             Turns: 4791, Time: 00:05:14

Health: 0/62       AC: 11    Str: 15    XL:     8   Next: 26%
Magic:  7/7        EV: 12    Int:  6    God:
Gold:   31         SH:  0    Dex: 17    Spells: 7/7 levels left

rFire   . . .        a - +0 shortbow
rCold   . . .        (shield currently unavailable)
rNeg    . . .        A - +1 ring mail "Fiucekk" {Fly rElec}
rPois   .            (helmet restricted)
rElec   +            y - +0 cloak
rCorr   .            (no gloves)
SInv    .            (no boots)
Will    .....        (no amulet)
Stlth   +            z - +4 ring of protection
HPRegen 0.30/turn    (no ring)
MPRegen 0.10/turn

%: no passive effects
@: lethally poisoned (0 -> -28), flying, slowed, very slow
A: horns 2, retaliatory headbutt
a: no special abilities


You were on level 6 of the Dungeon.
You visited 1 branch of the dungeon, and saw 6 of its levels.
You also visited: Sewer.

You collected 238 gold pieces.
You spent 207 gold pieces at shops.

Inventory:

Hand Weapons
 a - a +0 shortbow (weapon)
 k - a +3 whip
Armour
 y - a +0 cloak (worn)
 A - the +1 ring mail "Fiucekk" (worn) {Fly rElec}
   (You bought it in a shop on level 6 of the Dungeon)

   rElec:     It insulates you from electricity.
   Fly:       It grants you flight.
Jewellery
 z - a +4 ring of protection (left hand)
Wands
 w - a wand of flame (20)
Scrolls
 b - a scroll of butterflies
 d - 3 scrolls of teleportation {unknown}
 e - 6 scrolls of identify {unknown}
 f - 2 scrolls of enchant weapon {unknown}
 h - a scroll of vulnerability {unknown}
 i - 2 scrolls of poison {unknown}
 q - a scroll of torment {unknown}
 t - 3 scrolls of fog {unknown}
 u - a scroll of noise {unknown}
 v - a scroll of silence {unknown}
Potions
 g - 2 potions of haste {unknown}
 j - a potion of degeneration {unknown}
 l - 2 potions of curing
 m - 3 potions of enlightenment
 n - a potion of heal wounds
 o - 2 potions of invisibility {unknown}
 p - 2 potions of lignification {unknown}
 r - a potion of mutation {unknown}
 s - a potion of magic {unknown}
 x - 2 potions of brilliance {unknown}


   Skills:
 - Level 2.4 Fighting
 - Level 11.1 Ranged Weapons
 - Level 4.4 Dodging
 - Level 0.7 Stealth


You had 7 spell levels left.
You didn't know any spells.
Your spell library contained the following spells:

 Spells                   Type           Power      Damage    Failure   Level
 Apportation              Tloc           0%         N/A       69%         1
 Cigotuvi's Dreadful Rot  Necr/Pois/Air  0%         N/A       83%         2
 Jinxbite                 Hex            0%         N/A       83%         2
 Ignite Poison            Fire/Tmut/Pois 0%         N/A       96%         3
 Alistair's Intoxication  Tmut/Pois      0%         N/A       100%        5
 Freezing Cloud           Conj/Ice/Air   0%         6-21      100%        5
 Conjure Ball Lightning   Conj/Air       0%         3x3d6     100%        6
 Discord                  Hex            0%         N/A       100%        8
 Disjunction              Tloc           0%         N/A       100%        8


Dungeon Overview and Level Annotations

Branches:
Dungeon (6/15)              Sewer (visited)
 Temple: D:4-7

Altars:
Ashenzari
Cheibriados
Fedhas
Nemelex Xobeh
Qazlal
Ru
Vehumet
Yredelemnul
The Shining One

Shops:
D:6 [


Innate Abilities, Weirdness & Mutations

You have a pair of horns on your head.
You reflexively headbutt those who attack you in melee.


Message History

You have difficulty breathing.
You feel as though you will be slow longer.
You shoot an arrow.
The arrow closely misses the kobold brigand.
You feel extremely sick.
Unknown command.
You are too injured to fight recklessly!
Unknown command.
You are too injured to fight recklessly!
Unknown command.
Unknown command.
You feel extremely sick.
The kobold brigand throws a curare-tipped dart.
The curare-tipped dart barely misses you.
* * * LOW HITPOINT WARNING * * *
You feel very sick.
* * * LOW HITPOINT WARNING * * *
You feel very sick.
The wight throws a poisoned dart.
The poisoned dart closely misses you.
The kobold brigand throws a curare-tipped dart.
The curare-tipped dart hits you.
You are lethally poisoned!
You have difficulty breathing.
* * * LOW HITPOINT WARNING * * *
You feel as though you will be slow longer.
The wight throws a poisoned dart.
The poisoned dart hits you.
You are more poisoned.
You feel better.
The wight throws a poisoned dart.
The poisoned dart hits you!
You are poisoned.
The kobold brigand throws a curare-tipped dart.
The curare-tipped dart barely misses you.
Unknown command.
Unknown command.
* * * LOW HITPOINT WARNING * * *
You feel very sick.
The wight throws a poisoned dart.
The poisoned dart hits you!
You are lethally poisoned!
The wight throws a poisoned dart.
The poisoned dart hits you!
You are more poisoned.
You die...

..#####.........#
#.#
................#
#.#
#..)..z.........#
#.#
................#
#.#
........K.....###
#.#
..............#
#.#
......#.......#
#.#
......+......)#
#.#
...?.##....@..#
#.# .....
+.......# #.#
..### #.......##
#.# +........#
#.# #........#
#.# #####<##.#
#.# #####+##.##
#.# ##.[...###.#
#.# ...g...
+......#รท#.###.#


You could see a kobold brigand and a wight.

Vanquished Creatures
  Prince Ribbit (D:5)
  2 centaurs (D:5)
  2 ogres (D:5)
  Blork the orc (D:4)
  2 kobold brigands
  4 hounds
  2 gnoll boudas
  2 iguanas (D:5)
  A sleepcap (D:6)
  6 gnolls
  8 adders
  2 shadow imps
  A white imp (D:4)
  2 ufetubi (D:6)
  3 worms
  A dart slug (D:3)
  2 orcs
  3 bats (D:2)
  9 endoplasms
  3 giant cockroaches
  5 goblins
  7 hobgoblins
  8 jackals
  14 kobolds
  3 quokkas
  5 ball pythons
  3 frilled lizards
  9 rats
111 creatures vanquished.

Notes
Turn   | Place    | Note
-------+----------+-------------------------------------------
     0 | D:1      | gruber the Minotaur Hunter began the quest for the Orb.
     0 | D:1      | Reached XP level 1. HP: 18/18 MP: 0/0
   253 | D:1      | Reached XP level 2. HP: 25/25 MP: 1/1
   260 | D:1      | Reached skill level 5 in Ranged Weapons
   589 | D:1      | Upgraded the game from 0.31-a0-1098-g6898e6545c to
                  | 0.31-a0-1101-g9ad1905e61
   609 | D:1      | Found a faded altar of an unknown god.
   795 | D:2      | Identified the +2 leather armour of Boredom {Harm rC+ Int+3
                  | Dex-2}
   894 | D:2      | Reached XP level 3. HP: 30/30 MP: 2/2
  1271 | D:2      | Reached skill level 6 in Ranged Weapons
  1355 | D:3      | Found a glowing drain.
  1388 | Sewer    | Entered a sewer
  1392 | Sewer    | Reached XP level 4. HP: 37/37 MP: 3/3
  1423 | Sewer    | Noticed a kobold brigand
  1436 | Sewer    | Killed a kobold brigand
  1437 | Sewer    | Reached skill level 7 in Ranged Weapons
  1437 | Sewer    | Reached XP level 5. HP: 38/42 MP: 4/4
  1516 | Sewer    | Found a white marble altar of Elyvilon.
  1803 | D:3      | Found a radiant altar of Vehumet.
  1992 | D:3      | Found a stormy altar of Qazlal.
  2596 | D:4      | Reached skill level 8 in Ranged Weapons
  2596 | D:4      | Reached XP level 6. HP: 11/50 MP: 5/5
  2849 | D:4      | Found a broken altar of Ashenzari.
  2861 | D:4      | Noticed Blork the orc
  2871 | D:4      | Killed Blork the orc
  3101 | D:4      | Found a basalt altar of Yredelemnul.
  3105 | D:4      | Found a glowing golden altar of the Shining One.
  3108 | D:4      | Noticed an angel
  3232 | D:4      | Found a sacrificial altar of Ru.
  3232 | D:4      | Found a sparkling altar of Nemelex Xobeh.
  3232 | D:4      | Found a snail-covered altar of Cheibriados.
  3294 | D:5      | Entered Level 5 of the Dungeon
  3320 | D:5      | Reached skill level 9 in Ranged Weapons
  3502 | D:5      | Reached XP level 7. HP: 50/56 MP: 6/6
  3554 | D:5      | Found a blossoming altar of Fedhas.
  3609 | D:5      | Reached skill level 10 in Ranged Weapons
  3763 | D:5      | Noticed Prince Ribbit
  3779 | D:5      | Killed Prince Ribbit
  4021 | D:5      | Reached skill level 11 in Ranged Weapons
  4021 | D:5      | Reached XP level 8. HP: 19/62 MP: 7/7
  4566 | D:6      | Found Cenexze's Antique Armour Boutique.
  4628 | D:6      | Bought a distressingly furry ring mail for 207 gold pieces
  4628 | D:6      | Identified the +1 ring mail "Fiucekk" {Fly rElec} (You
                  | bought it in a shop on level 6 of the Dungeon)
  4791 | D:6      | Succumbed to a wight's poison

Illustrated notes

Levels and vault maps discovered:
D:1:      saegor_arrival_simple_d, layout_loops_cross,
          hellmonk_ecumenical_altar_leap_of_faith
D:2:      layout_loops_ring, minmay_misc_feat_encased
D:3:      layout_basic, mainiacjoe_overflow_paths, mainiacjoe_overflow_chevrons,
          cheibrodos_sewer_entry_drain
D:4:      layout_rooms, grunt_temple_overflow_holy_war,
          nicolae_overflow_hidden_temple, gammafunk_temple_overflow_claw,
          kennysheep_small_spiral, uniq_blork_the_orc
D:5:      layout_cave_pools, fedhas_altar_3, uniq_prince_ribbit1
D:6:      layout_basic, mainiacjoe_overflow_small_starburst,
          ebering_ghost_sewer_d, serial_shops, nicolae_shop_gibbet_a_chance,
          serial_bayou_pond_b, grunt_ministairs_4,
          hangedman_abyss_or_decor_stabs

Skill      XL: |  1  2  3  4  5  6  7  8 |
---------------+-------------------------+-----
Ranged Weapons | 5 6 7 8 9 11 | 11.1
Dodging        | 4 |  4.4
Fighting       | |  2.4
Stealth        | |  0.7

Action                     |  1- 3 |  4- 6 |  7- 9 || total
---------------------------+-------+-------+-------++-------
   Fire: Shortbow          |   128 |   176 |   140 ||   444
    Use: Potion            |       |       |     2 ||     2
 Armour: Leather armour    |    28 |    35 |    47 ||   110
  Dodge: Dodged            |    38 |    29 |    65 ||   132

Table legend: (Time is in decaauts)
 A = Elapsed time spent in this place.
 B = Non-inter-level travel time spent in this place.
 C = Inter-level travel time spent in this place.
 D = Time resting spent in this place.
 E = Time spent auto-exploring this place.
 F = Levels seen in this place.
 G = Mean time per level.
                   A        B        C        D        E       F      G
               +--------+--------+--------+--------+--------+-----+--------+
         Total |   4842 |   4683 |    159 |      0 |   3947 |   7 |  691.7 |
       Dungeon |   4644 |   4485 |    159 |      0 |   3792 |   6 |  774.0 |
         Sewer |    197 |    197 |      0 |      0 |    154 |   1 |  197.0 |
               +--------+--------+--------+--------+--------+-----+--------+

Top non-repeatable levels by time:
     D:5: 1173 daAuts
     D:3: 944 daAuts
     D:4: 840 daAuts
     D:1: 796 daAuts
     D:2: 574 daAuts
     D:6: 315 daAuts
   Sewer: 197 daAuts
